[Event "Late-Titled-Tuesday-Blitz-April-23-2024"]
[Site "Chess.com"]
[Date "2024.04.23"]
[Round "6"]
[White "MetiForce"]
[Black "BogdanDeac"]
[Result "1-0"]
[WhiteElo "2944"]
[BlackElo "3043"]
[TimeControl "180+1"]
[EndTime "15:08:39 PDT"]
[Termination "MetiForce won by resignation"]

1. d4 Nf6 2. c4 e6 3. Nc3 Bb4 4. e3 O-O 5. Bd3 d5 6. cxd5 exd5 7. a3 Bd6 8. Qc2 c6 9. Nge2 Re8 10. Bd2 Nbd7 11. f3 c5 12. h4 h5 13. O-O-O cxd4 14. exd4 Nb6 15. Bg5 Bd7 16. g4 Rc8 17. Rdg1 hxg4 18.
h5 Na4 19. h6 Rxe2 20. Bxe2 Nxc3 21. bxc3 Bxa3+ 22. Kd2 Ne4+ 23. Qxe4 Qxg5+ 24. f4 dxe4 25. fxg5 Be7 26. Bxg4 Bxg5+ 27. Kc2 Bxg4 28. Rxg4 f6 29. hxg7 Kxg7 30. Rxe4 b5 31. Kd3 a5 32. Re7+ Kg6 33.
Rb7 b4 34. c4 f5 35. c5 f4 36.
Rb5 f3 37. Rf1 Ra8 38. c6 a4 39. Rxb4 a3 40. Rbb1 a2 41. Ra1 Kf5 42. Rxf3+ Ke6 43. Rf2 Kd5 44. Rfxa2 Rxa2 45. Rxa2 Kxc6 46. Ra6+ 1-0

[Event "Late-Titled-Tuesday-Blitz-April-23-2024"]
[Site "Chess.com"]
[Date "2024.04.23"]
[Round "6"]
[White "sergiochess83"]
[Black "egnfanclub"]
[Result "1-0"]
[WhiteElo "2928"]
[BlackElo "2378"]
[TimeControl "180+1"]
[EndTime "15:08:39 PDT"]
[Termination "sergiochess83 won by checkmate"]

1. d4 d5 2. c4 c6 3. Nf3 Nf6 4. Nc3 e6 5. Bg5 dxc4 6. e4 b5 7. e5 h6 8. Bh4 g5 9. Nxg5 Nd5 10.
Nf3 Qa5 11. Qd2 Bb4 12. Rc1 Nd7 13. Be2 Bb7 14. O-O Nxc3 15. bxc3 Be7 16. Qf4 Qd8 17.
Bxe7 Qxe7 18. Rb1 Nb6 19. Nd2 Qg5 20. Qxg5 hxg5 21. Ne4 Ke7 22. Nc5 Bc8 23. Bf3 Nd5 24. Rfc1 f6 25. exf6+ Kxf6 26. a4 a6 27. Rb2 Rb8 28.
g3 e5 29. axb5 axb5 30. Ne4+ Kg6 31. dxe5 g4 32. Bg2 Re8 33. Nd6 Rxe5 34. Nxc4 Re7 35.
Na5 Bd7 36. c4 Nb6 37. Bxc6 Nxc4 38. Rxc4 bxc4 39. Rxb8 Bxc6 40. Nxc6 Re1+ 41. Kg2 c3 42. Rc8 c2 43. Ne5+ Rxe5 44. Rxc2 Re1 45. h3 gxh3+ 46. Kxh3 Rf1 47. Kg2 Ra1 48. Rc5 Ra2 49. g4 Kf6 50.
Kg3 Kg6 51. Rc6+ Kg5 52. f4# 1-0

[Event "Late-Titled-Tuesday-Blitz-April-23-2024"]
[Site "Chess.com"]
[Date "2024.04.23"]
[Round "6"]
[White "1g60-1"]
[Black "VD_coach"]
[Result "1-0"]
[WhiteElo "2449"]
[BlackElo "2588"]
[TimeControl "180+1"]
[EndTime "15:08:41 PDT"]
[Termination "1g60-1 won by resignation"]

1. Nf3 Nf6 2. e3 g6 3. c4 Bg7 4.
Nc3 O-O 5. d4 d6 6. h3 Nbd7 7. Be2 e5 8. O-O Re8 9. b3 exd4 10.
exd4 Nf8 11. Bg5 h6 12. Be3 Ne4 13. Nxe4 Rxe4 14. Bd3 Re8 15. Qd2 Kh7 16. Rac1 Qf6 17. Nh2 Bf5 18. Bxf5 Qxf5 19. Nf3 Re7 20. c5 Rae8 21.
c6 b6 22. d5 g5 23. Rfd1 Ng6 24. Rc4 Re4 25. Qc2 g4 26. Nd2 R4e5 27. Qxf5 Rxf5 28. Nf1 gxh3 29. gxh3 Ree5 30. Rcd4 Ne7 31. Ng3 Rf6 32. Bf4 Rxd5 33. Rxd5 Nxd5 34. Bxh6 Rxh6 35. Rxd5 Rh4 36. Rh5+ Rxh5 37. Nxh5 Be5 38. f4 Bd4+ 39. Kg2 Kg6 40.
Ng3 Kf6 41. Kf3 Ke6 42. Ke4 Bf2 43. f5+ Ke7 44. Ne2 Kf6 45. Nc3 Bc5 46. Nd5+ Kg5 47. Nxc7 d5+ 48. Kxd5 Kxf5 49. Nb5 Bd6 50. Kxd6 1-0

[Event "Late-Titled-Tuesday-Blitz-April-23-2024"]
[Site "Chess.com"]
[Date "2024.04.23"]
[Round "6"]
[White "AsaHoffmann"]
[Black "Balla_Tamas"]
[Result "0-1"]
[WhiteElo "2373"]
[BlackElo "2543"]
[TimeControl "180+1"]
[EndTime "15:08:42 PDT"]
[Termination "Balla_Tamas won by resignation"]

1. d4 d5 2. Bg5 g6 3. Nc3 Bg7 4. Qd2 Nf6 5. f3 c5 6. e3 Nc6 7. O-O-O cxd4 8. exd4 a6 9. Nge2 h6 10. Be3 Bd7 11. Nf4 Qa5 12. Kb1 Rc8 13. a3 h5 14.
Ncxd5 Nxd5 15. Qxa5 Nxe3 16. Qe1 Nxd1 17. Qxd1 O-O 18. c3 Bf5+ 19. Bd3 Bd7 20. Re1 Rfd8 21.
Nd5 Be6 22. Nf4 Bd7 23. h4 e5 24. dxe5 Nxe5 25. Bc2 Nc4 26. Bb3 Bf5+ 27. Ka2 Rxd1 28. Rxd1 b5 29. Nd5 Kf8 30. Nf4 Be5 31. Nd3 Bxd3 32. Rxd3 Ke7 33. g4 hxg4 34. fxg4 Kf6 35.
h5 gxh5 36. gxh5 Kg5 37. Rh3 f6 38. h6 Rh8 39. h7 Kg6 40. Bxc4 bxc4 41. Rh4 Rxh7 42.
Rxc4 f5 43. Rc6+ Bf6 44. Rxa6 f4 45. Ra4 f3 46. Rf4 Rh3 47. c4 Kg5 48. Rxf3 Rxf3 49. b4 Rc3 50. c5 Bd4 51. a4 Kf5 52. a5 Bxc5 53. bxc5 Rxc5 54. Kb3 Rxa5 0-1

[Event "Late-Titled-Tuesday-Blitz-April-23-2024"]
[Site "Chess.com"]
[Date "2024.04.23"]
[Round "6"]
[White "Boorchess"]
[Black "realburq"]
[Result "0-1"]
[WhiteElo "2517"]
[BlackElo "2379"]
[TimeControl "180+1"]
[EndTime "15:08:42 PDT"]
[Termination "realburq won on time"]

1. d4 g6 2. e4 Bg7 3. Bc4 d6 4.
Nf3 Nf6 5. Qe2 c6 6. e5 dxe5 7. dxe5 Nd5 8. O-O O-O 9. Rd1 Na6 10. Nc3 Nac7 11. h3 Nxc3 12. bxc3 Nd5 13. Bd2 Qa5 14. Bb3 Qb6 15. c4 Nc7 16. a4 a5 17.
Be3 c5 18. Qd2 Bf5 19. Bh6 Ne6 20. Bxg7 Kxg7 21. g4 Be4 22. Qe3 Qc6 23. Rd5 Bxf3 24. Qxf3 Nd4 25. Qe3 Rad8 26. Rd1 e6 27. c3 exd5 28.
cxd5 Qb6 29. cxd4 cxd4 30. Qxd4 Qxb3 31. e6+ Kg8 32. e7 Rfe8 33. exd8=Q Rxd8 34. d6 b5 35. axb5 Qxb5 36. d7 Qb3 37. Kg2 Qe6 38. Qd5 Qe7 39.
Qxa5 Rxd7 40. Qa8+ Kg7 41. Qa1+ f6 42. Rxd7 Qxd7 43.
Qc3 Qd5+ 44. Qf3 Qe5 45. Qb7+ Kh6 46. h4 Qd4 47. f3 Qd2+ 48. Kh3 Qd6 0-1

[Event "Late-Titled-Tuesday-Blitz-April-23-2024"]
[Site "Chess.com"]
[Date "2024.04.23"]
[Round "6"]
[White "jinbojinbo"]
[Black "Naruna_Chan"]
[Result "1-0"]
[WhiteElo "2634"]
[BlackElo "2426"]
[TimeControl "180+1"]
[EndTime "15:08:43 PDT"]
[Termination "jinbojinbo won by resignation"]

1. c4 e5 2. Nc3 Nf6 3. Nf3 d6 4.
g3 Be7 5. Bg2 O-O 6. O-O Nc6 7.
e3 Bg4 8. h3 Bh5 9. d3 d5 10.
cxd5 Nxd5 11. Nxd5 Qxd5 12. e4 Qd7 13. g4 Bg6 14.
Qb3 b6 15. Be3 Kh8 16. Rac1 Na5 17. Qc3 f6 18. Qxc7 Rfd8 19. d4 Bxe4 20. dxe5 fxe5 21. Nxe5 Qxc7 22. Rxc7 Bxg2 23. Kxg2 Re8 24. Rd1 Bf6 25. Nf7+ Kg8 26. b4 Nc6 27. Nh6+ gxh6 28. Rxc6 Bg5 29. Bxg5 hxg5 30. Rc7 Rec8 31. Rdd7 Rxc7 32. Rxc7 h6 33. a4 a5 34. b5 Rd8 35. Rc6 Rd4 36. Rxb6 Rxa4 37.
Rxh6 Kg7 38. Ra6 Ra3 39. b6 Rb3 40. Rxa5 Rxb6 41. Rxg5+ Kh6 42. Rf5 Rb3 43. f3 Kg6 44. Kg3 Rb1 45. h4 Rg1+ 46. Kf4 Rh1 47. h5+ Kg7 48.
Ra5 Kf6 49. Ra6+ Kf7 50. Kg5 Rf1 51. Ra7+ Ke6 52. f4 Rg1 53. h6 Rh1 54. h7 1-0

[Event "Late-Titled-Tuesday-Blitz-April-23-2024"]
[Site "Chess.com"]
[Date "2024.04.23"]
[Round "6"]
[White "ansko1999"]
[Black "IndianSchoolOfSuffering"]
[Result "1-0"]
[WhiteElo "2593"]
[BlackElo "2405"]
[TimeControl "180+1"]
[EndTime "15:08:43 PDT"]
[Termination "ansko1999 won by resignation"]

1. c4 c5 2. Nf3 Nc6 3. Nc3 g6 4. e3 Nf6 5. d4 cxd4 6. exd4 d5 7. cxd5 Nxd5 8. Bc4 Nxc3 9. Qb3 Nd5 10. Bxd5 e6 11. Bxc6+ bxc6 12. Bg5 f6 13. Bf4 Qd5 14. O-O Be7 15. Rfe1 g5 16. Bg3 h5 17. h3 a5 18. Rac1 Qxb3 19. axb3 Bd7 20. Nd2 Kf7 21.
Nc4 Bb4 22. Re2 Ra7 23. Bd6 Rb7 24. Bxb4 Rxb4 25. Nxa5 Rxd4 26. Nxc6 Bxc6 27. Rxc6 e5 28. g3 h4 29. g4 Rd3 30. Rc3 Rhd8 31. Kg2 Rd2 32. Kf1 Rd1+ 33. Re1 R1d2 34. Rb1 Rb8 35. Ke1 Rd4 36. Ra1 Rb7 37. Ra6 Rf4 38. Ke2 Rfb4 39.
Rf3 Rf4 40. Rxf4 gxf4 41. Ra3 Ke6 42. Kd3 Rd7+ 43. Kc3 Rd1 44. b4 e4 45. Kc4 Ke5 46.
Ra5+ Ke6 47. Rf5 e3 48. Rxf4 exf2 49. Rxf2 Rh1 50. Rf3 Rh2 51. b3 Ke5 52. b5 Rc2+ 53.
Rc3 Rxc3+ 54. Kxc3 f5 55. b6 fxg4 56. b7 gxh3 57.
b8=Q+ Kf5 58. Qh2 1-0

[Event "Late-Titled-Tuesday-Blitz-April-23-2024"]
[Site "Chess.com"]
[Date "2024.04.23"]
[Round "6"]
[White "contrerasfiorella"]
[Black "ImportedItalianMaple"]
[Result "1/2-1/2"]
[WhiteElo "2231"]
[BlackElo "2456"]
[TimeControl "180+1"]
[EndTime "15:08:46 PDT"]
[Termination "Game drawn - insufficient material"]

1. e4 g6 2. d4 Bg7 3. Nc3 d6 4. h4 h6 5. Be3 a6 6. a4 b6 7. Nge2 Bb7 8. f3 e6 9. h5 g5 10. d5 e5 11. g4 Ne7 12. Ng3 c6 13. Bc4 b5 14. dxc6 Nbxc6 15. axb5 Nd4 16. bxa6 Bc6 17.
Kf2 O-O 18. Nce2 d5 19. exd5 Nxd5 20. Bxd4 exd4 21. Nf5 Ne3 22. Qd3 Qb6 23. Nxg7 Kxg7 24. Nxd4 Nxc2 25. Qxc2 Qxd4+ 26. Kg2 Qxg4+ 27. Kh2 Qf4+ 28. Kg1 Qxf3 29. Qc3+ Qxc3 30. bxc3 Bxh1 31. Kxh1 Ra7 32. Bd5 f5 33. Kg2 Kf6 34. c4 Ke5 35. Re1+ Kd4 36.
Re6 g4 37. Rxh6 f4 38. Rg6 f3+ 39. Kf2 Rf4 40. h6 Re7 41. Be6 g3+ 42. Kxg3 f2 43.
Bh3 f1=Q 44. Bxf1 Rxf1 45. Kg2 Ra1 46. Rg7 Re8 47. h7 Rh8 48. a7 Kxc4 49. Rg4+ Kd5 50. Rg8 Rxh7 51. a8=Q+ Rxa8 52. Rxa8 Ke5 53. Ra5+ Kf6 54.
Ra6+ Kg7 55. Ra7+ Kh6 56. Rxh7+ Kxh7 1/2-1/2

[Event "Late-Titled-Tuesday-Blitz-April-23-2024"]
[Site "Chess.com"]
[Date "2024.04.23"]
[Round "6"]
[White "KNVB"]
[Black "Bugcrusher"]
[Result "0-1"]
[WhiteElo "2689"]
[BlackElo "2526"]
[TimeControl "180+1"]
[EndTime "15:08:47 PDT"]
[Termination "Bugcrusher won on time"]

1. e4 e6 2. Nf3 d5 3. c3 dxe4 4. Qa4+ Nc6 5. Qxe4 Nf6 6. Qc2 e5 7. d3 a5 8. a4 Bc5 9. Be2 O-O 10. O-O Bf5 11.
Nbd2 Qd7 12. Ne4 Nxe4 13. dxe4 Bg4 14. Rd1 Qe7 15. Bg5 f6 16. Qb3+ Kh8 17. Bh4 Bb6 18. Rd2 Rfd8 19. Rad1 Rxd2 20. Rxd2 Rd8 21. Qd1 Rxd2 22. Nxd2 Bxe2 23. Qxe2 g5 24. Bg3 Qe6 25. h4 h6 26. Qc4 Qxc4 27. Nxc4 Bc5 28. h5 b6 29. Kf1 Kg8 30. f3 Kf7 31. Be1 Ke6 32.
Bd2 f5 33. exf5+ Kxf5 34. g4+ Ke6 35. Ke2 Kd5 36. Kd3 Nd8 37. Be1 Ne6 38. Bg3 Bd6 39.
Ne3+ Kc6 40. Kc2 Ng7 41. Be1 Bc5 42. Nc4 Kd5 43. Nd2 Ne6 44. Ne4 Be7 45. Kd3 Nf4+ 46. Kc2 Ne6 47. Bd2 Nc5 48. Nxc5 Bxc5 49. Kd3 Bg1 50.
b3 c6 51. b4 axb4 52. cxb4 b5 53. a5 c5 54. bxc5 Bxc5 55. a6 Kc6 0-1

[Event "Late-Titled-Tuesday-Blitz-April-23-2024"]
[Site "Chess.com"]
[Date "2024.04.23"]
[Round "6"]
[White "mishanick"]
[Black "Rud_Makarian"]
[Result "1-0"]
[WhiteElo "3164"]
[BlackElo "3047"]
[TimeControl "180+1"]
[EndTime "15:08:50 PDT"]
[Termination "mishanick won by resignation"]

1. d4 Nf6 2. c4 e6 3. Nc3 d5 4. Bg5 c6 5. e3 Nbd7 6. Bd3 h6 7. Bh4 Be7 8. Nf3 O-O 9. O-O dxc4 10. Bxc4 b5 11. Bd3 Bb7 12. Rc1 Rc8 13. a3 a5 14. Ne5 Nxe5 15. dxe5 Nd7 16. Bxe7 Qxe7 17. f4 Nc5 18. Bb1 b4 19. axb4 axb4 20. Qc2 g6 21.
Nd1 Nd7 22. Nf2 c5 23. Rfd1 Rfd8 24. Rd6 Nf8 25. Rcd1 Kg7 26. Qd2 Re8 27. h3 h5 28.
Be4 Qc7 29. Kh2 Rb8 30. Rc1 Rec8 31. Bxb7 Qxb7 32. Rc4 Ra8 33. Ne4 Qb5 34. Qc2 Ra1 35. Rd2 Qa6 36. Nxc5 Rxc5 37. Rxc5 Qf1 38. Qd3 Qg1+ 39.
Kg3 Re1 40. Re2 Rf1 41. Qd2 g5 42. Rf2 h4+ 43. Kf3 Rd1 44. Qe2 Ng6 45. fxg5 Re1 46. Qc4 Qh2 47. Qg4 Nxe5+ 48. Rxe5 Qxe5 49. Qf4 Qd5+ 50.
Kg4 Rg1 51. Qxf7+ 1-0

[Event "Late-Titled-Tuesday-Blitz-April-23-2024"]
[Site "Chess.com"]
[Date "2024.04.23"]
[Round "6"]
[White "Nimrod_Veinberg"]
[Black "2Coaches1Profile"]
[Result "1-0"]
[WhiteElo "2813"]
[BlackElo "2553"]
[TimeControl "180+1"]
[EndTime "15:08:50 PDT"]
[Termination "Nimrod_Veinberg won on time"]

1. e4 Nf6 2. e5 Nd5 3. c4 Nb6 4. d4 d6 5. f4 g6 6. Nc3 Bg7 7.
Be3 Be6 8. b3 O-O 9. Be2 c6 10.
Nf3 Bg4 11. Rc1 f6 12. O-O dxe5 13. dxe5 Qxd1 14. Rfxd1 Bxf3 15. Bxf3 fxe5 16. fxe5 Bxe5 17. Ne2 N6d7 18. Nd4 Bxd4 19. Bxd4 Na6 20. Bg4 Nf6 21. Be6+ Kg7 22. Be5 Nc5 23. Bg4 Rad8 24. Be2 a5 25. Bc7 Rxd1+ 26. Rxd1 a4 27. b4 Ne6 28. Be5 Rd8 29. Rxd8 Nxd8 30. Bd1 a3 31. b5 cxb5 32. cxb5 Kf7 33. Bf3 Nd7 34. Bc7 Ne6 35. Ba5 b6 36.
Bb4 Ne5 37. Bd5 Kf6 38. Bxa3 Nd4 39. Bb2 Nxb5 40. Kf2 g5 41. Ke3 e6 42. Bb3 Nd6 43.
a4 Nf5+ 44. Ke4 Nd6+ 45. Ke3 Nf5+ 46. Kd2 Nh4 47. Bd4 Nxg2 48. Bxb6 Nf3+ 49. Ke2 Nxh2 50.
a5 Nf4+ 51. Kd1 Ng4 52. a6 Ne5 53. a7 1-0

[Event "Late-Titled-Tuesday-Blitz-April-23-2024"]
[Site "Chess.com"]
[Date "2024.04.23"]
[Round "6"]
[White "zsizsi99"]
[Black "Skatchkov_V"]
[Result "1/2-1/2"]
[WhiteElo "2493"]
[BlackElo "2664"]
[TimeControl "180+1"]
[EndTime "15:08:50 PDT"]
[Termination "Game drawn - insufficient material"]

1. e4 e5 2. Nf3 d5 3. exd5 e4 4. Qe2 Nf6 5. Nc3 Be7 6. Ng5 O-O 7.
Ngxe4 Re8 8. d3 Nxd5 9. Nxd5 Qxd5 10. Nc3 Qc6 11. Be3 Bb4 12. Qd2 Bg4 13. a3 Ba5 14. h3 Bh5 15. Rg1 Na6 16. g4 Bg6 17.
Bg2 Qf6 18. O-O-O b5 19. Bxa8 Rxa8 20. Kb1 Rb8 21. Nd5 Bxd2 22. Nxf6+ gxf6 23. Rxd2 c5 24. f4 h5 25. f5 Bh7 26. Bh6 Kh8 27. Re2 b4 28. a4 b3 29. c3 Nc7 30. Re7 Nd5 31. Rxf7 Re8 32. c4 Nb4 33. Rxf6 Nxd3 34. gxh5 a5 35.
Re6 Rxe6 36. fxe6 Nf4+ 37. Ka1 Nxe6 38. Bd2 Bd3 39. Bxa5 Kh7 40. Bc3 Bxc4 41. Kb1 Nf4 42. Rg4 Bd3+ 43. Kc1 Nd5 44. Kd2 c4 45. Rd4 Nb6 46.
Rxd3 cxd3 47. Kxd3 Nxa4 48. Kc4 Kh6 49. Kxb3 Nb6 50.
Kb4 Kxh5 51. Kc5 Na4+ 52. Kb4 Nxb2 53. Bxb2 Kh4 54. Be5 Kxh3 1/2-1/2

[Event "Late-Titled-Tuesday-Blitz-April-23-2024"]
[Site "Chess.com"]
[Date "2024.04.23"]
[Round "6"]
[White "chessdjw"]
[Black "Evan_Attaker"]
[Result "0-1"]
[WhiteElo "2793"]
[BlackElo "2614"]
[TimeControl "180+1"]
[EndTime "15:08:51 PDT"]
[Termination "Evan_Attaker won on time"]

1. d4 c5 2. d5 g6 3. e4 Bg7 4. Nc3 d6 5. Bb5+ Bd7 6. a4 Nf6 7. Nf3 O-O 8. O-O Na6 9. Re1 Nc7 10. Bc4 a6 11. a5 Bb5 12. Nxb5 axb5 13. Bf1 Nd7 14. c3 b6 15. a6 Qc8 16. Bg5 f6 17. Bd2 Rxa6 18. Rxa6 Qxa6 19. g3 Qa4 20. Qe2 Ne5 21. Nxe5 fxe5 22. h4 Qb3 23. Bg5 Bf6 24. Bh6 Ra8 25. h5 Kf7 26. Bh3 Ra2 27. Bc1 Ra1 28. Bd7 b4 29. c4 Qa2 30. Kg2 b3 31.
hxg6+ hxg6 32. Rh1 Qb1 33. Qg4 Qxc1 34. Rxc1 Rxc1 35.
Qf3 Na6 36. Be6+ Kg7 37. Qxb3 Nb4 38. Qa4 Rxc4 39. f3 b5 40. Qxb5 Rc2+ 41. Kh3 Rxb2 42. Qe8 Nd3 43. Qg8+ Kh6 44. Qf8+ Bg7 45. Qxe7 Nf2+ 46.
Kh4 Nd1 0-1

[Event "Late-Titled-Tuesday-Blitz-April-23-2024"]
[Site "Chess.com"]
[Date "2024.04.23"]
[Round "6"]
[White "Bykov_Egor"]
[Black "ploxoi"]
[Result "1-0"]
[WhiteElo "2607"]
[BlackElo "2417"]
[TimeControl "180+1"]
[EndTime "15:08:51 PDT"]
[Termination "Bykov_Egor won by resignation"]

1. d4 d5 2. c4 e6 3. Nf3 c6 4. e3 Nf6 5. Bd3 Nbd7 6. O-O dxc4 7. Bxc4 b5 8. Bd3 Bb7 9. Nbd2 a6 10. a4 b4 11. Nc4 c5 12. b3 cxd4 13. Nxd4 Be7 14. Bb2 Nc5 15. Be2 O-O 16. Bf3 Bxf3 17. Qxf3 Qd5 18.
Nc6 Rae8 19. N4a5 Qxf3 20. gxf3 Nd5 21. Rac1 Nd3 22. Rc2 Nxb2 23. Rxb2 Bf6 24. Rd2 Rc8 25. Rc1 Bc3 26. Rd3 Rc7 27. Rcd1 Bf6 28. e4 Nc3 29. Rd7 Rfc8 30. Rxc7 Rxc7 31. Rd3 h6 32. e5 Ne2+ 33. Kf1 Nf4 34. Rd1 Bg5 35. Ke1 Nd5 36. Rd4 Bc1 37.
Kd1 Bb2 38. Rc4 Bc3 39. Kc2 Kh7 40. Nb8 Bxe5 41. Nxa6 Ra7 42. Nc6 Rxa6 43. Nxe5 f6 44. Nd3 Rb6 45. Rc5 Kg6 46. Nb2 Ra6 47. Kd3 Nf4+ 48.
Kc4 Nd5 49. Nd3 Kf7 50. Nxb4 Nf4 51. Nxa6 1-0

[Event "Late-Titled-Tuesday-Blitz-April-23-2024"]
[Site "Chess.com"]
[Date "2024.04.23"]
[Round "6"]
[White "Kratos031"]
[Black "zano2023"]
[Result "1/2-1/2"]
[WhiteElo "2463"]
[BlackElo "2170"]
[TimeControl "180+1"]
[EndTime "15:08:52 PDT"]
[Termination "Game drawn - insufficient material"]

1. d4 e5 2. dxe5 d6 3. Nf3 Bg4 4. e4 Nc6 5. Be2 dxe5 6. Qxd8+ Rxd8 7. c3 Nf6 8. Nbd2 a6 9. h3 Bxf3 10. Bxf3 Bc5 11. Nf1 O-O 12. Ng3 h6 13. Ke2 b5 14.
Be3 Bxe3 15. fxe3 Rd7 16. Rad1 Rfd8 17. Rxd7 Rxd7 18. Nf5 Kh7 19. Rf1 g6 20. Ng3 Kg7 21. Bg4 Rd6 22. Rc1 Na5 23. b3 c5 24. Bf3 c4 25. b4 Nc6 26. Rd1 Ne8 27. Bg4 Rxd1 28. Kxd1 Nd6 29. Bd7 Nb8 30. Bg4 h5 31. Bf3 Nd7 32.
h4 f6 33. Kc2 Kf7 34. Kb2 Nb6 35. Bd1 Ke6 36. Bc2 Nf7 37. a4 Nh6 38. axb5 axb5 39. Bd1 Nc8 40. Kc2 Nd6 41. Kd2 f5 42. exf5+ Nhxf5 43. Nxf5 Nxf5 44. Bf3 Kd6 45. Be4 Nxh4 46. Ke2 Nf5 47. Kf3 Ne7 48. g4 hxg4+ 49. Kxg4 Nd5 50. Bxg6 Nxe3+ 51. Kf3 Nd5 52. Be8 Nxc3 53. Ke3 Kd5 54.
Bf7+ Kd6 55. Be8 Na2 56. Bxb5 c3 57. Kd3 Nxb4+ 58. Kxc3 Nd5+ 59. Kd3 Kc5 60. Be8 Nf6 61. Bg6 Kd5 62. Ke2 e4 63. Bxe4+ 1/2-1/2

[Event "Late-Titled-Tuesday-Blitz-April-23-2024"]
[Site "Chess.com"]
[Date "2024.04.23"]
[Round "6"]
[White "temiksmozg"]
[Black "Rytenko_V"]
[Result "1-0"]
[WhiteElo "2717"]
[BlackElo "2522"]
[TimeControl "180+1"]
[EndTime "15:08:54 PDT"]
[Termination "temiksmozg won on time"]

1. e4 e5 2. Nf3 Nf6 3. Nxe5 d6 4. Nf3 Nxe4 5. d4 d5 6. Bd3 Bd6 7. O-O O-O 8. c4 c6 9. Nc3 Nxc3 10. bxc3 dxc4 11.
Bxc4 Bf5 12. Bg5 Qa5 13. Qd2 Nd7 14. Rfe1 Rfe8 15. h3 Bg6 16. Nh4 Nb6 17. Bb3 Nd5 18. Nxg6 hxg6 19. c4 Qxd2 20. Bxd2 Bb4 21. cxd5 Bxd2 22.
Red1 Ba5 23. dxc6 bxc6 24. Rac1 Rac8 25. Ba4 Re2 26. Bxc6 Rxa2 27. Bd5 Rxc1 28. Rxc1 Rd2 29. Rc8+ Kh7 30. Bxf7 Rxd4 31. Rc6 Bb6 32. Bxg6+ Kh6 33. Bc2+ Kg5 34. Kh2 Rf4 35. f3 Rf6 36. Rc4 Kh6 37. Be4 g5 38. h4 gxh4 39. Kh3 Rf4 40. Rc6+ Kg7 41. Rg6+ Kf7 42. Rh6 Ke7 43. Rxh4 Rxh4+ 44. Kxh4 Kf6 45. f4 Bc7 46. Kg4 a5 47. Bc6 Bd6 48. Kf3 Be7 49. g4 Kg7 50. g5 Bd8 51. Kg4 Be7 52.
Kf5 Bd8 53. Ke6 a4 54. Bxa4 Kg6 55. Bc2+ Kh5 56. Kf5 1-0

[Event "Late-Titled-Tuesday-Blitz-April-23-2024"]
[Site "Chess.com"]
[Date "2024.04.23"]
[Round "6"]
[White "DonJuanEGenaro"]
[Black "chess_sharparchitect"]
[Result "0-1"]
[WhiteElo "2032"]
[BlackElo "2242"]
[TimeControl "180+1"]
[EndTime "15:08:54 PDT"]
[Termination "chess_sharparchitect won on time"]

1. d4 Nf6 2. Nf3 d5 3. c4 e6 4. Nc3 c6 5. e3 Nbd7 6. Bd3 dxc4 7. Bxc4 b5 8. Bb3 a5 9. a3 b4 10. axb4 Bxb4 11. O-O Ba6 12. Re1 O-O 13. e4 c5 14.
d5 exd5 15. exd5 c4 16. Bc2 Nc5 17. Bg5 h6 18. Bh4 Bxc3 19. bxc3 Qxd5 20. Qxd5 Nxd5 21. Rxa5 Rfc8 22. Re5 Bb7 23. Rxa8 Rxa8 24. h3 Nd3 25. Bxd3 cxd3 26. c4 Nf4 27. Nd2 Ra1+ 28. Kh2 Nxg2 29.
Re8+ Kh7 30. Re7 Ba8 31. Rxf7 Nxh4 32. Rd7 Nf5 33. f3 Ra3 34. c5 Bc6 35. Rc7 Ra6 36. Kg2 Kg6 37. Kf2 Bd5 38. Rd7 Bc6 39. Rc7 Bd5 40.
Rd7 Be6 41. Rxd3 Rc6 42. Rc3 Ne7 43. Ne4 Nd5 44. Rc2 Bxh3 45. Kg3 Bf5 46. Rd2 Bxe4 47. fxe4 Ne7 48. Rd6+ Kf7 49. Rxc6 Nxc6 50. Kf4 Ke6 0-1

[Event "Late-Titled-Tuesday-Blitz-April-23-2024"]
[Site "Chess.com"]
[Date "2024.04.23"]
[Round "6"]
[White "MaxLeto"]
[Black "BabageldiAnnaberdiyev"]
[Result "0-1"]
[WhiteElo "2428"]
[BlackElo "2596"]
[TimeControl "180+1"]
[EndTime "15:08:55 PDT"]
[Termination "BabageldiAnnaberdiyev won by checkmate"]

1. e4 e6 2. d4 d5 3. Nc3 Nf6 4.
e5 Nfd7 5. f4 c5 6. Nf3 Nc6 7.
Ne2 a6 8. c3 b5 9. g3 cxd4 10.
Nexd4 Bb7 11. Bg2 Bc5 12. Be3 O-O 13. Nxc6 Bxc6 14. Bxc5 Nxc5 15. Nd4 Bd7 16. O-O f6 17. Re1 fxe5 18. Rxe5 Rc8 19. Qe2 Qf6 20. Re1 Rfe8 21.
Qf1 g6 22. R1e3 Kg7 23. Qe2 Kh8 24. h4 Na4 25. Bh3 Nc5 26. Bg2 Na4 27. Kh2 Nb6 28. b3 Na8 29. Bxd5 Nc7 30. Bb7 Rb8 31. Bg2 a5 32. h5 b4 33. c4 a4 34. h6 axb3 35.
axb3 Qf8 36. g4 Qxh6+ 37. Kg3 Rf8 38. g5 Qg7 39. Bh3 Rf7 40. Bxe6 Bxe6 41. Nxe6 Nxe6 42. Rxe6 Rbf8 43. R3e4 Qc3+ 44. Qf3 Rd7 45. Qxc3+ bxc3 46. Re8 Kg8 47. Rxf8+ Kxf8 48. Re3 c2 49. Rc3 Rd3+ 50. Rxd3 c1=Q 51. Rf3 Qe1+ 52. Kg2 Kf7 53. Rf2 Ke6 54. Rf3 Kf5 55. Rf2 Kg4 56. c5 Qc3 57.
b4 Qxb4 58. f5 gxf5 59. g6 hxg6 60. c6 Qe4+ 61. Kh2 Qxc6 62. Rg2+ Qxg2+ 63. Kxg2 f4 64. Kh2 Kf5 65. Kh3 g5 66. Kg2 g4 67. Kf2 Ke4 68. Kg2 Ke3 69. Kg1 f3 70. Kh2 Kf4 71. Kh1 g3 72.
Kg1 Ke3 73. Kf1 g2+ 74. Kg1 Ke2 75. Kh2 Kf2 76. Kh3 g1=Q 77. Kh4 Qg6 78. Kh3 Qg3# 0-1

[Event "Late-Titled-Tuesday-Blitz-April-23-2024"]
[Site "Chess.com"]
[Date "2024.04.23"]
[Round "6"]
[White "biostatistician"]
[Black "DanielNaroditsky"]
[Result "0-1"]
[WhiteElo "2741"]
[BlackElo "2970"]
[TimeControl "180+1"]
[EndTime "15:08:56 PDT"]
[Termination "DanielNaroditsky won on time"]

1. d4 Nf6 2. Nf3 g6 3. c4 Bg7 4. Nc3 d6 5. e4 O-O 6. Be2 Na6 7. Bg5 h6 8. Bh4 g5 9. Bg3 Nh5 10. O-O c5 11. d5 Nc7 12. Re1 Nxg3 13. hxg3 e6 14. Qc2 exd5 15. exd5 f5 16. Bd3 Bd7 17. Re2 Qf6 18. Rae1 Rf7 19. a4 Na6 20. Qd2 Nb4 21. Bb1 Raf8 22. Re6 Bxe6 23. dxe6 Re7 24. Qxd6 Ree8 25.
Qxc5 Nc6 26. Nd5 Qxb2 27. e7 Rf7 28. Qd6 Nxe7 29. Kh2 Bf8 30. Bxf5 Nxf5 31. Qg6+ Qg7 32. Nf6+ Rxf6 33. Qxe8 Qf7 34. Qc8 Nd6 35. Qg4 Rf5 36.
Ne5 Qf6 37. Nd7 Qg7 38. Nxf8 Qxf8 39. Re6 Rf6 40. c5 Rxe6 41. Qxe6+ Nf7 42. Qg6+ Qg7 43. Qe6 Qf8 44. Qg6+ Kh8 45. Qf6+ Kh7 46. Qf5+ Kg7 47. Qe6 Qxc5 48. Qd7 Qxf2 49. Qxb7 h5 50. a5 h4 51.
gxh4 Qxh4+ 52. Kg1 Qd4+ 53. Kh2 Kg6 0-1

[Event "Late-Titled-Tuesday-Blitz-April-23-2024"]
[Site "Chess.com"]
[Date "2024.04.23"]
[Round "6"]
[White "Polish_fighter3000"]
[Black "ChristopherYoo"]
[Result "0-1"]
[WhiteElo "3108"]
[BlackElo "3005"]
[TimeControl "180+1"]
[EndTime "15:08:57 PDT"]
[Termination "ChristopherYoo won by checkmate"]

1. Nf3 Nf6 2. g3 b5 3. Bg2 Bb7 4. Na3 a6 5. c4 b4 6. Nc2 c5 7. O-O e6 8. d4 cxd4 9. Ncxd4 Be7 10. b3 O-O 11. Bb2 a5 12. Nb5 Na6 13. Nd6 Bc6 14. Qd4 Bxd6 15. Qxd6 Ne4 16. Qf4 Nec5 17. Rad1 f6 18. h4 Qe8 19. Bh3 a4 20. Qe3 e5 21.
Bf5 Qf7 22. Rd6 Nb7 23. Rd2 Nac5 24. Rfd1 axb3 25. axb3 Ra2 26. Bb1 Ra6 27. Kh2 Rfa8 28. g4 Ne6 29. Rg1 d6 30. h5 g5 31. Rgd1 Qe7 32.
Ne1 Nf4 33. f3 Qe6 34. Nc2 Ra5 35. Nxb4 Be8 36. Nd5 Nxd5 37. Rxd5 Rxd5 38. Rxd5 Bc6 39. Rd1 Nc5 40. b4 Na4 41. b5 Nxb2 42. bxc6 Nxd1 43. Qd2 Qxc4 44. Be4 Qd4 45. Qc2 Qf2+ 46. Kh3 Qf1+ 47. Kh2 Qf2+ 48. Kh3 Ne3 49. Qb3+ Kh8 50. f4 gxf4 51.
c7 Qg3# 0-1

[Event "Late-Titled-Tuesday-Blitz-April-23-2024"]
[Site "Chess.com"]
[Date "2024.04.23"]
[Round "6"]
[White "SerGo055"]
[Black "dropstoneDP"]
[Result "0-1"]
[WhiteElo "2605"]
[BlackElo "3006"]
[TimeControl "180+1"]
[EndTime "15:08:57 PDT"]
[Termination "dropstoneDP won on time"]

1. d4 d5 2. Nf3 Nf6 3. Bf4 c5 4.
e3 Nc6 5. c3 Qb6 6. Qb3 c4 7.
Qc2 Bf5 8. Qc1 e6 9. Nbd2 h6 10. h3 Qa5 11. g4 Bh7 12. Bg2 Bd3 13. Bf1 Bh7 14. Bg2 Bd3 15. Bf1 Bxf1 16. Kxf1 Be7 17. Kg2 b5 18. a3 Qb6 19. Qc2 a5 20. e4 dxe4 21. Nxe4 Nd5 22. Bg3 O-O 23. h4 f5 24. gxf5 exf5 25. Ned2 f4 26. Bh2 Qd8 27. Qg6 Rf6 28. Qg4 Qe8 29. h5 Qf7 30. Rhe1 Rf8 31. Re4 Rf5 32. Rae1 Bd6 33. Re6 Qd7 34. Rxh6 Nf6 35.
Rxf6 R8xf6 36. Ne4 Rf8 37. h6 Bc7 38. Nc5 Qf7 39. Ne6 Rf6 40. Nxf8 Qxf8 41. hxg7 Qf7 42. Kf1 Bd8 43. Qc8 Kxg7 44. Ne5 Qh5 45. Nxc6 f3 0-1